Map: Croisement de Kairos EC

Players

demuLarva

  • Race: Terran Terran
  • League: Grandmaster
  • Spawn Location: 11:00

Uzikoti - Winner!

  • Race: Terran Terran
  • League: Grandmaster
  • Spawn Location: 5:00

VOD

Have the link to the VOD?

Description

Time

  • Played on: April 19, 2019, 11:25 a.m.
  • Length: 16:04
Show
View Real Time Build Order
Export as new Build Order

demuLarva Terran 

Build Orders:  

Get SALT Encoding   

  12  0:00  SCV  
  13  0:12  SCV  
  14  0:17  Supply Depot  
  14  0:25  SCV  
  14  0:27  Refinery  
  15  0:39  SCV  
  16  0:45  Barracks  
  16  0:51  SCV  
  17  0:58  Refinery  
  17  1:03  SCV  
  18  1:15  SCV  
  20  1:33  Orbital Command, Factory  
  20  1:35  Reaper  
  20  1:43  Supply Depot  
  20  1:59  SCV  
  21  2:07  Reaper  
  22  2:11  SCV  
  23  2:17  Hellion  
  25  2:23  SCV  
  25  2:29  Command Center  
  26  2:35  SCV  
  27  2:37  Supply Depot  
  27  2:41  Reaper  
  28  2:44  Hellion  
  28  2:49  SCV  
  31  2:54  Starport  
  31  3:01  SCV  
  32  3:09  Factory Tech Lab  
  32  3:13  SCV  
  32  3:14  Barracks Reactor  
  33  3:22  Refinery  
  33  3:25  SCV  
  34  3:33  Starport Tech Lab  
  34  3:34  Cyclone  
  34  3:37  SCV  
  38  3:43  Orbital Command  
  38  3:49  SCV, Marine x2  
  38  3:52  Raven  
  43  3:57  Supply Depot  
  43  4:01  SCV  
  44  4:07  Marine x2  
  44  4:09  SCV  
  47  4:13  SCV, Siege Tank  
  51  4:21  SCV  
  52  4:25  SCV, Marine x2  
  53  4:31  Supply Depot  
  53  4:33  SCV  
  53  4:35  Raven  
  53  4:38  SCV  
  57  4:41  Supply Depot  
  57  4:45  SCV, Marine, Siege Tank  
  62  4:53  SCV, Marine  
  62  4:57  SCV  
  65  5:03  Marine  
  65  5:04  Supply Depot  
  65  5:05  SCV, Supply Depot  
  67  5:10  SCV  
  68  5:17  SCV, Supply Depot, Siege Tank  
  72  5:22  SCV  
  72  5:27  Viking x2, Marine  
  78  5:29  Stimpack, SCV  
  78  5:34  SCV  
  67  5:53  SCV  
  67  5:56  Refinery, Viking  
  70  5:57  Viking  
  70  5:59  Command Center  
  72  6:18  SCV  
  73  6:26  Viking  
  73  6:27  Viking  
  73  6:30  SCV x2  
  79  6:34  Marine, Siege Tank  
  83  6:42  Engineering Bay, SCV x2  
  83  6:43  Engineering Bay  
  83  6:44  Barracks x2  
  85  6:52  Marine  
  86  6:55  SCV  
  86  6:56  SCV  
  86  7:00  Viking  
  86  7:01  Viking  
  92  7:07  SCV  
  90  7:20  Orbital Command  
  90  7:21  Marine  
  90  7:22  Terran Infantry Weapons Level 1, Terran Infantry Armor Level 1  
  91  7:25  SCV x2  
  91  7:26  Barracks  
  91  7:29  Combat Shield  
  93  7:32  Barracks  
  93  7:34  Siege Tank  
  93  7:36  Barracks Reactor  
  96  7:37  SCV  
  96  7:43  SCV, Marine  
  99  7:44  Orbital Command  
  99  7:49  SCV  
  99  7:52  Barracks Reactor  
  99  7:55  SCV  
  100  8:00  Armory  
  100  8:01  Marine  
  101  8:09  SCV x2  
  101  8:11  SCV  
  104  8:15  Barracks Reactor, Supply Depot x2  
  104  8:16  Supply Depot  
  104  8:19  Marine  
  103  8:21  SCV x2  
  103  8:22  Siege Tank, Liberator x2  
  103  8:25  SCV  
  109  8:33  SCV  
  104  8:36  Marine x5  
  104  8:37  Marine  
  100  8:50  Marine x2  
  100  8:54  SCV x2, Marine x5, Siege Tank  
  111  9:00  Marine  
  111  9:08  Marine x2  
  113  9:11  Marine  
  113  9:12  Marine  
  113  9:13  Marine x2  
  113  9:16  Marine  
  118  9:17  Marine  
  118  9:18  Terran Infantry Weapons Level 2  
  118  9:22  Medivac x2  
  123  9:26  Marine x2  
  123  9:29  Marine x2  
  123  9:30  Orbital Command  
  127  9:33  Marine x2  
  127  9:34  Marine  
  124  9:42  SCV x2  
  124  9:46  Marine x2  
  124  9:48  Marine x2  
  124  9:50  Terran Infantry Armor Level 2  
  124  9:52  Marine  
  125  9:54  Medivac  
  125  9:55  Medivac  
  123  10:10  Marine x2  
  112  10:14  Siege Tank  
  112  10:15  SCV  
  112  10:17  Refinery  
  112  10:18  Refinery  
  116  10:21  Marine x2  
  116  10:22  Command Center  
  116  10:25  Marine  
  116  10:26  Barracks Reactor, Marine  
  120  10:28  Terran Vehicle Weapons Level 1  
  120  10:31  Marine  
  120  10:32  Marine  
  120  10:34  Marine  
  119  10:36  Medivac  
  119  10:39  Marine, Supply Depot  
  122  10:52  Marine x3  
  122  10:53  Marine x2  
  122  10:56  Marine  
  128  10:57  Siege Tank  
  128  10:58  Medivac  
  128  11:01  Marine  
  121  11:05  Marine x2  
  121  11:06  Medivac  
  121  11:10  Marine x3  
  121  11:11  Marine  
  122  11:12  Marine  
  122  11:14  Marine  
  123  11:19  Marine  
  123  11:20  SCV  
  123  11:22  Marine  
  123  11:24  Marine  
  127  11:28  SCV x2, Marine, Medivac  
  127  11:29  Marine  
  127  11:30  Marine x2, Siege Tank  
  127  11:31  Marine  
  127  11:32  Marine  
  140  11:36  Medivac  
  140  11:37  Marine  
  143  11:40  Marine  
  141  11:48  Factory  
  141  11:50  Marine  
  141  11:51  Marine x2  
  141  11:52  Terran Infantry Weapons Level 3  
  141  11:53  SCV x2  
  146  12:01  Marine x3  
  122  12:03  Marine x2  
  122  12:04  Siege Tank  
  115  12:08  Marine x3  
  116  12:17  Marine  
  116  12:18  Terran Infantry Armor Level 3  
  116  12:19  SCV x2, Marine x2  
  113  12:25  Marine  
  113  12:26  Marine  
  111  12:30  Marine x2  
  111  12:32  SCV  
  111  12:34  Marine  
  111  12:36  SCV  
  115  12:38  Medivac x2  
  115  12:43  Marine  
  118  12:45  Marine  
  118  12:46  Marine  
  118  12:48  Marine x3  
  118  12:57  Planetary Fortress  
  116  12:59  Marine  
  116  13:00  Marine  
  116  13:01  Marine  
  112  13:08  SCV  
  112  13:10  SCV x2  
  115  13:13  Marine x2  
  115  13:14  Marine  
  115  13:16  Factory Tech Lab  
  118  13:20  SCV  
  118  13:25  Marine x2  
  121  13:28  Siege Tank  
  121  13:33  Marine  
  125  13:36  Marine x2  
  125  13:37  Viking  
  125  13:38  Siege Tank  
  125  13:40  SCV  
  133  13:42  Marine  
  133  13:45  Marine  
  135  13:50  Marine x2  
  137  13:56  Marine x2  
  137  14:05  Marine x2  
  137  14:08  Marine x2  
  136  14:15  Marine x3  
  105  14:26  Marine  
  105  14:28  Viking x2, Siege Tank  
  105  14:30  Marine  
  105  14:31  Marine x4  
  78  14:35  Marine x2  
  66  14:39  Marine  
  66  14:45  Marine  
  64  15:17  Marine x2  
  64  15:20  SCV x2  
  68  15:25  Marine  
  69  15:28  SCV  
  69  15:32  SCV  
  66  15:45  Marine x2  
Show
View Real Time Build Order
Export as new Build Order

Uzikoti Terran - Winner!

Build Orders: Mech 

Get SALT Encoding   

  12  0:00  SCV  
  13  0:13  SCV  
  14  0:17  Supply Depot  
  14  0:25  SCV  
  14  0:28  Refinery  
  15  0:39  SCV  
  16  0:45  Barracks  
  16  0:51  SCV  
  16  0:55  Refinery  
  17  1:03  SCV  
  18  1:15  SCV  
  19  1:31  Orbital Command  
  19  1:32  Factory  
  19  1:35  Reaper  
  20  1:43  Supply Depot  
  20  1:56  SCV  
  21  2:07  Reaper  
  22  2:09  SCV  
  25  2:15  Hellion  
  25  2:21  SCV  
  26  2:26  Command Center  
  26  2:33  SCV  
  27  2:38  Starport  
  27  2:42  Barracks Reactor  
  27  2:45  SCV  
  27  2:46  Supply Depot  
  30  2:51  Widow Mine  
  30  2:57  SCV  
  31  3:09  SCV  
  32  3:13  Factory Tech Lab  
  32  3:18  Viking, Marine x2  
  36  3:22  Refinery  
  36  3:28  SCV  
  36  3:33  Widow Mine  
  39  3:39  Orbital Command  
  39  3:42  SCV  
  40  3:54  SCV  
  40  3:55  Viking, Siege Tank  
  44  3:56  Viking  
  48  4:05  SCV  
  48  4:06  SCV  
  48  4:08  Supply Depot  
  50  4:13  Marine  
  51  4:17  SCV  
  51  4:18  SCV  
  53  4:28  Viking  
  53  4:30  Viking  
  53  4:31  SCV  
  56  4:32  Siege Tank  
  56  4:34  SCV  
  60  4:38  Supply Depot  
  60  4:43  Liberator  
  60  4:46  Marine  
  60  4:47  SCV  
  60  4:49  Supply Depot  
  62  5:00  SCV x2, Viking  
  62  5:02  Supply Depot  
  69  5:12  SCV  
  69  5:13  Siege Tank  
  69  5:14  Marine  
  73  5:19  SCV  
  75  5:22  Supply Depot  
  75  5:24  SCV  
  76  5:31  SCV  
  69  5:46  SCV  
  69  5:49  Marine, Siege Tank  
  65  5:50  Viking x2  
  65  5:53  SCV  
  65  5:55  Refinery  
  70  5:58  SCV  
  71  6:05  SCV  
  71  6:12  SCV  
  71  6:14  Marine  
  71  6:17  SCV  
  74  6:25  SCV  
  74  6:28  Command Center  
  73  6:38  SCV x2  
  73  6:39  Siege Tank  
  76  6:40  Viking x2  
  80  6:50  SCV x2  
  82  7:00  Factory  
  82  7:01  Factory x2  
  82  7:02  SCV  
  83  7:18  Siege Tank  
  83  7:19  Viking x2  
  90  7:25  SCV  
  91  7:30  SCV  
  91  7:32  Supply Depot  
  91  7:35  Supply Depot  
  92  7:39  SCV  
  92  7:41  Orbital Command  
  92  7:42  Refinery  
  92  7:43  SCV  
  94  7:45  Refinery  
  94  7:47  Factory Tech Lab  
  94  7:48  Factory Tech Lab, Factory Reactor  
  94  7:49  Barracks Reactor  
  92  7:51  SCV, Factory  
  92  7:59  SCV  
  92  8:03  SCV  
  94  8:07  SCV, Siege Tank  
  94  8:08  Siege Tank  
  94  8:11  SCV  
  102  8:15  SCV  
  102  8:19  SCV  
  104  8:23  SCV, Viking, Siege Tank  
  110  8:27  SCV  
  104  8:39  Viking, Hellion x2  
  104  8:40  Siege Tank  
  111  8:49  Siege Tank  
  111  8:50  SCV x3  
  111  8:52  Supply Depot  
  111  8:53  Viking  
  111  8:55  Hellion  
  123  9:02  SCV  
  125  9:03  Hellion  
  125  9:04  Hellion  
  125  9:07  Armory  
  125  9:14  Armory, Siege Tank  
  128  9:21  Siege Tank  
  128  9:22  Hellion  
  133  9:27  Supply Depot  
  133  9:28  Supply Depot x2  
  133  9:34  SCV, Viking  
  133  9:36  Hellion  
  115  9:50  Siege Tank  
  115  9:51  Hellion x3  
  119  9:56  Hellion, Siege Tank  
  119  9:57  SCV, Viking, Hellion  
  127  10:00  Supply Depot  
  127  10:01  Terran Vehicle Weapons Level 1  
  127  10:04  Viking, Terran Vehicle And Ship Armor Level 1  
  129  10:13  Hellion  
  100  10:15  Hellion  
  100  10:18  Siege Tank  
  105  10:22  Siege Tank  
  105  10:25  Hellion  
  105  10:27  Command Center  
  105  10:28  Siege Tank  
  104  10:38  Viking, Hellion x2  
  110  10:45  Hellion  
  112  10:50  Siege Tank  
  112  10:54  Siege Tank  
  118  10:59  Hellion x2  
  118  11:00  Siege Tank  
  118  11:03  Hellion  
  126  11:12  Hellion  
  126  11:14  Liberator  
  127  11:22  Siege Tank  
  127  11:23  Engineering Bay  
  130  11:26  Siege Tank  
  130  11:31  Viking  
  130  11:32  Hellion  
  140  11:49  Siege Tank  
  140  11:50  Hellion  
  140  11:53  Hellion x2  
  152  11:54  Siege Tank  
  145  12:03  Siege Tank  
  145  12:04  Hellion  
  128  12:11  Hellion  
  128  12:14  Hellion x2  
  132  12:21  Siege Tank  
  132  12:25  SCV  
  132  12:26  Siege Tank, Hellion  
  136  12:33  Hellion  
  136  12:35  Siege Tank  
  139  12:38  Hellion  
  139  12:39  Hellion  
  141  12:46  Missile Turret  
  141  12:47  Hellion  
  141  12:53  Hellion x3  
  141  12:54  Hellion, Siege Tank  
  141  12:58  Siege Tank  
  149  13:04  Hellion  
  148  13:05  Missile Turret  
  148  13:07  Sensor Tower  
  148  13:08  Infernal Pre-Igniter  
  148  13:22  Viking  
  148  13:23  Siege Tank  
  149  13:43  Terran Vehicle Weapons Level 2, Terran Vehicle And Ship Armor Level 2  
  149  13:48  Viking  
  149  13:49  Hellion, Siege Tank  
  156  13:58  Hellion  
  156  13:59  Viking  
  156  14:00  Hellion x2  
  157  14:08  Siege Tank  
  157  14:09  Siege Tank  
  156  14:10  Hellion  
  140  14:20  Hellion  
  119  14:31  Hellion, Siege Tank  
  119  14:32  Hellion  
  119  14:35  SCV  
  105  14:51  Viking x2  
  106  15:00  Siege Tank  
  109  15:19  Thor  
  115  15:21  Viking  
  111  15:29  SCV x2  
Tags
 
Add a new tag
Caveats
  • Supply blocks, unpowered buildings, or Contaminate may cause inaccurate times.
  • Supply counts are checked every 10 seconds.